 Dungeon Crawl Stone Soup version 0.27-a0-223-ge082b6e869 (webtiles) character file.

Game seed: 10936624102627189267

11454 lunkers the Fighter (level 11, -3/104 HPs)
             Began as a Hill Orc Hunter on Jan 28, 2021.
             Was a Priest of Okawaru.
             Slain by Snorg (16 damage)
             ... on level 11 of the Dungeon on Feb 1, 2021.
             The game lasted 00:32:06 (18439 turns).

lunkers the Fighter (Hill Orc Hunter)              Turns: 18439, Time: 00:32:07

Health: -3/104     AC: 17    Str: 19    XL:     11   Next: 78%
Magic:  14/14      EV: 11    Int: 14    God:    Okawaru [***...]
Gold:   407        SH:  0    Dex: 11    Spells: 10/10 levels left

rFire    . . .     SeeInvis .   T - +5 battleaxe (freeze)
rCold    . . .     Faith    .   (shield currently unavailable)
rNeg     + . .     Spirit   .   n - +0 chain mail
rPois    +         Reflect  .   w - +1 helmet {Int+3}
rElec    .         Harm     .   l - +0 cloak
rCorr    .         Rampage  .   (no gloves)
Will     .....                  (no boots)
Stlth    ..........             E - amulet of magic regeneration
HPRegen  0.27/turn              F - ring of positive energy
MPRegen  0.39/turn              h - ring of poison resistance

@: heroism
A: no striking features
a: Renounce Religion, Heroism


You were on level 11 of the Dungeon.
You worshipped Okawaru.
Okawaru was most pleased with you.
You visited 2 branches of the dungeon, and saw 12 of its levels.

You collected 624 gold pieces.
You spent 217 gold pieces at shops.

Inventory:

Hand Weapons
 a - a +2 morningstar of holy wrath
 b - a +0 hunting sling
 j - a +2 whip of flaming
 M - a +3 dagger of speed
 T - a +5 battleaxe of freezing (weapon)
Missiles
 e - 206 stones
 k - 11 atropa-tipped darts
 p - 3 boomerangs of dispersal
 q - 20 boomerangs (quivered)
 y - 7 javelins
 B - 46 poisoned darts
 L - 50 sling bullets
Armour
 l - a +0 cloak (worn)
 n - a +0 chain mail (worn)
 w - a +1 helmet of intelligence (worn)
Jewellery
 h - a ring of poison resistance (right hand)
 E - an amulet of magic regeneration (around neck)
 F - a ring of positive energy (left hand)
 G - a +6 ring of strength
Wands
 m - a wand of paralysis (5)
 o - a wand of charming (5)
 I - a wand of mindburst (44)
 P - a wand of random effects (15)
 Q - a wand of digging (7)
Scrolls
 c - 2 scrolls of identify
 g - 4 scrolls of noise {unknown}
 i - a scroll of fear {unknown}
 s - 3 scrolls of amnesia {unknown}
 t - 3 scrolls of fog {unknown}
 v - 5 scrolls of remove curse
 z - 2 scrolls of immolation {unknown}
 A - 3 scrolls of teleportation {unknown}
 J - a scroll of enchant weapon {unknown}
 N - a scroll of torment {unknown}
 S - a scroll of enchant armour
Potions
 d - a potion of flight
 f - 2 potions of brilliance
 r - 2 potions of invisibility
 u - 4 potions of curing
 x - a potion of mutation
 C - 3 potions of haste
 D - a potion of cancellation
 H - 4 potions of ambrosia
 K - a potion of heal wounds
 O - a potion of attraction {unknown}
Miscellaneous
 R - a tin of tremorstones (2/2)


   Skills:
 + Level 11.7(16.7) Fighting
 + Level 9.7(14.7) Throwing
 - Level 10.0(15.0) Armour
 - Level 1.5(6.5) Dodging
 - Level 0.7(5.7) Stealth
 - Level 5.0 Invocations
 * Level 6.9 Evocations


You had 10 spell levels left.
You didn't know any spells.
Your spell library contained the following spells:

 Spells                   Type           Power        Failure   Level
 Animate Skeleton         Necr           0%           86%         1
 Apportation              Tloc           0%           86%         1
 Corona                   Hex            0%           86%         1
 Summon Small Mammal      Summ           0%           86%         1


Dungeon Overview and Level Annotations

Branches:
Dungeon (11/15)            Temple (1/1) D:7            Lair (0/6) D:11
    Orc: D:9-12

Altars:
Ashenzari
Cheibriados
Dithmenos
Elyvilon
Fedhas
Gozag
Hepliaklqana
Kikubaaqudgha
Makhleb
Nemelex Xobeh
Okawaru
Qazlal
Ru
Sif Muna
Trog
Uskayaw
Vehumet
Wu Jian
Xom
Yredelemnul
Zin
The Shining One

Shops:
D:4 [[*   D:10 (

Annotations:
D:11 Snorg


Message History

Snorg resists with significant effort.
Snorg closely misses you. Snorg claws you!
* * * LOW HITPOINT WARNING * * *
Snorg claws you but does no damage. Snorg misses you.
Snorg claws you but does no damage. Snorg claws you!
* * * LOW HITPOINT WARNING * * *
Evoke which item? (* to show all) (? for menu, Esc to quit)
Aiming: Mindburst
Press: ? - help, Shift-Dir - straight line, f/p - Snorg
Aim: Snorg (heavily wounded, berserk, chance to affect: 57%) Snorg's mind is blasted!
Snorg misses you. Snorg claws you.
* * * LOW HITPOINT WARNING * * *
Snorg barely misses you.
Evoke which item? (* to show all) (? for menu, Esc to quit)
Aiming: Mindburst
Press: ? - help, Shift-Dir - straight line, f/p - Snorg
Aim: Snorg (severely wounded, berserk, chance to affect: 57%) Snorg resists with significant effort.
Snorg closely misses you. x2
Snorg claws you!
You die...

................#≈≈≈###
...###..........#≈≈≈#.#
.#...#.........##≈≈≈#.
##'''###<......# ≈≈≈#.
♣..)..♣##......# ≈≈#.
........##.....# ≈#.
.........##...<# ##.
≈≈≈#≈≈≈...##...######.#
≈#####≈≈...##...@T....#
## ##≈≈...########### #
##≈≈..♣# ##≈...# #≈...#
##...# #≈...# ##≈...# #
##≈≈..♣#


You could see Snorg (berserk).

Vanquished Creatures
  2 two-headed ogres
  Pikel (D:4)
  A deep elf pyromancer (D:11)
  A centaur zombie (D:10)
  A hornet (D:8)
  14 yaks
  7 water moccasins
  2 orc warriors (D:5)
  A sky beast (D:9)
  6 black bears
  3 ice beasts
  A necrophage (D:8)
  6 ogres
  A phantom (D:10)
  2 centaurs
  A big kobold (D:10)
  8 bullfrogs
  6 scorpions
  A water moccasin skeleton (D:9)
  10 killer bees
  An oklob sapling (D:7)
  21 wights
  3 howler monkeys
  2 jellies
  3 centaur skeletons
  6 orc priests
  A gnoll shaman (D:10)
  5 hounds
  4 iguanas
  8 worker ants
  11 orc wizards
  A hound zombie (D:8)
  A hound skeleton (D:9)
  Robin (D:2)
  3 worker ant zombies
  4 gnolls (D:10)
  14 adders
  4 shadow imps
  A white imp (D:8)
  2 ufetubi
  2 adder skeletons
  An adder zombie (D:7)
  A worm (D:2)
  3 dart slugs
  6 leopard geckos
  48 orcs
  5 bats
  3 giant cockroaches
  17 goblins
  4 hobgoblins
  16 jackals
  7 kobolds
  3 quokkas
  A ball python (D:6)
  4 frilled lizards
  A giant cockroach zombie (D:6)
  2 leopard gecko skeletons
  12 rats
307 creatures vanquished.

Vanquished Creatures (others)
  A human (D:10)
  26 fungi (D:11)
  56 plants
83 creatures vanquished.

Grand Total: 390 creatures vanquished

Notes
Turn   | Place    | Note
-------+----------+-------------------------------------------
     0 | D:1      | lunkers the Hill Orc Hunter began the quest for the Orb.
     0 | D:1      | Reached XP level 1. HP: 18/18 MP: 1/1
   253 | D:1      | Reached XP level 2. HP: 17/25 MP: 2/2
   367 | D:1      | Reached skill level 3 in Fighting
   473 | D:1      | Found a glowing golden altar of the Shining One.
   778 | D:2      | Reached XP level 3. HP: 27/31 MP: 3/3
  1217 | D:2      | Noticed Robin
  1220 | D:2      | Killed Robin
  1221 | D:2      | Reached skill level 4 in Fighting
  1221 | D:2      | Reached XP level 4. HP: 40/40 MP: 4/4
  1587 | D:2      | Found a shimmering blue altar of Sif Muna.
  2269 | D:3      | Found a faded altar of an unknown god.
  2355 | D:3      | Reached XP level 5. HP: 47/47 MP: 5/5
  2570 | D:3      | Reached skill level 1 in Armour
  2936 | D:3      | Reached skill level 5 in Fighting
  2936 | D:3      | Reached skill level 5 in Throwing
  3237 | D:3      | Reached XP level 6. HP: 42/56 MP: 6/6
  3669 | D:4      | Found Iquil's Antique Armour Boutique.
  3692 | D:4      | Found Quustrage's General Store.
  4216 | D:4      | Found a hazy altar of Hepliaklqana.
  4265 | D:4      | Noticed Pikel
  4375 | D:4      | Killed Pikel
  4376 | D:4      | Reached skill level 6 in Fighting
  4376 | D:4      | Reached XP level 7. HP: 16/64 MP: 7/7
  4861 | D:4      | Reached XP level 8. HP: 60/71 MP: 8/8
  5133 | D:4      | Found Cescheure's Antique Armour Shoppe.
  5145 | D:4      | Reached skill level 7 in Fighting
  5514 | D:5      | Entered Level 5 of the Dungeon
  5851 | D:4      | Upgraded the game from 0.27-a0-156-gbcd94eb011 to
                  | 0.27-a0-223-ge082b6e869
  5894 | D:4      | Reached skill level 5 in Armour
  5902 | D:4      | HP: 3/109 [scorpion (6)]
  7126 | D:4      | Bought a glowing helmet for 217 gold pieces
  7329 | D:5      | Reached skill level 8 in Fighting
  7391 | D:5      | Found an opulent altar of Gozag.
  7657 | D:5      | Reached XP level 9. HP: 14/82 MP: 9/9
 10349 | D:7      | Reached skill level 9 in Fighting
 10972 | D:7      | Found a bloodstained altar of Trog.
 11548 | D:7      | Found a staircase to the Ecumenical Temple.
 11573 | D:7      | Reached skill level 1 in Evocations
 11726 | D:7      | Found a sacrificial altar of Ru.
 12370 | D:8      | Reached XP level 10. HP: 77/93 MP: 10/10
 12419 | Temple   | Entered the Ecumenical Temple
 12500 | Temple   | Became a worshipper of Warmaster Okawaru
 12559 | D:8      | Reached skill level 10 in Fighting
 12827 | D:8      | Reached skill level 1 in Invocations
 13474 | D:8      | Reached * piety under Okawaru
 14235 | D:8      | Found a burning altar of Makhleb.
 14236 | D:8      | Noticed a balrug
 14413 | D:8      | Found a stormy altar of Qazlal.
 14589 | D:9      | Found a white marble altar of Elyvilon.
 14631 | D:9      | Reached ** piety under Okawaru
 15373 | D:9      | Noticed a two-headed ogre
 15379 | D:9      | Killed a two-headed ogre
 15379 | D:9      | Reached *** piety under Okawaru
 15380 | D:9      | Reached skill level 11 in Fighting
 15380 | D:9      | Reached skill level 5 in Invocations
 15380 | D:9      | Reached XP level 11. HP: 102/102 MP: 14/14
 15983 | D:10     | Entered Level 10 of the Dungeon
 16167 | D:10     | Reached skill level 5 in Evocations
 16186 | D:10     | Found Bushi's Weapon Emporium.
 16221 | D:10     | Received a gift from Okawaru
 16566 | D:10     | Found an ancient bone altar of Kikubaaqudgha.
 17281 | D:11     | Found a staircase to the Lair.
 17295 | D:11     | Noticed a two-headed ogre
 17298 | D:11     | Received a gift from Okawaru
 17307 | D:11     | Killed a two-headed ogre
 17350 | D:11     | Received a gift from Okawaru
 17987 | D:11     | Noticed a sea snake
 17994 | D:11     | Noticed a deep elf pyromancer
 18001 | D:11     | Killed a deep elf pyromancer
 18002 | D:11     | Reached skill level 10 in Armour
 18337 | D:11     | Received a gift from Okawaru
 18427 | D:11     | Noticed Snorg
 18439 | D:11     | Slain by Snorg

Illustrated notes

Levels and vault maps discovered:
D:1:      dpeg_arrival_rooms_b, layout_basic, tso_altar
D:2:      layout_rooms, general_overflow_altar, wad_orctagon, uniq_robin
D:3:      layout_loops_corners, chequers_ecumenical_altar_island
D:4:      layout_gridville, nzn_hepliaklqana_mist_gate, serial_shops,
          nicolae_shop_crystal, nicolae_shop_crystal, shop,
          kennysheep_pointless_box, uniq_pikel
D:5:      layout_basic, nicolae_gozag_cash_rules_everything_around_me
D:6:      layout_layer_cave
D:7:      layout_loops_corners, old_standard_altar, trog_ov_bears_minmay,
          minmay_temple_entry_oklob
D:8:      layout_loops_corners, makhleb_altar_promises_db,
          lemuel_coloured_pillars_altar
D:9:      layout_irregular_city, nicolae_overflow_crystal_walls
D:10:     layout_stronghold, serial_shops, kennysheep_little_box,
          tgw_kikubaaqudgha
D:11:     layout_roguey, due_lair_maze_entry_diamond, serial_aquarium,
          aquarium_bridge_long_separate [aquarium_subvault_window,
          aquarium_subvault_bridge, aquarium_subvault_window,
          aquarium_subvault_bridge, aquarium_subvault_bridge,
          aquarium_subvault_window], aquarium_bridge_island_small
          [aquarium_subvault_small_open, aquarium_subvault_wall,
          aquarium_subvault_bridge, aquarium_subvault_bridge,
          aquarium_subvault_wall], aquarium_window_double, aquarium_window_fake,
          aquarium_window_corridor_3, aquarium_view_2d, aquarium_view_2b,
          aquarium_balcony_1b, kennysheep_donut, uniq_snorg, uniq_urug
Temple:   eino_temple_lava

Skill      XL: |  1  2  3  4  5  6  7  8  9 10 11 |
---------------+----------------------------------+-----
Fighting       | 3 4 5 6 8 9 11 | 11.7
Throwing       | 4 5 6 7 8 9 |  9.7
Armour         | 1 4 6 8 9 10 | 10.0
Evocations     | 1 4 6 |  6.9
Invocations    | 5 |  5.0
Dodging        | |  1.5
Stealth        | |  0.7

Action                   |  1- 3 |  4- 6 |  7- 9 | 10-12 || total
-------------------------+-------+-------+-------+-------++-------
Melee: Short sword       |    67 |    18 |       |       ||    85
       Hunting sling     |       |       |     6 |       ||     6
       Morningstar       |       |       |     3 |   470 ||   473
       Punch             |       |       |       |     1 ||     1
       Battleaxe         |       |       |       |    13 ||    13
 Fire: Hunting sling     |       |   316 |   689 |    22 ||  1027
Throw: Javelin           |    25 |     3 |       |       ||    28
       Stone             |     3 |     5 |       |    10 ||    18
       Throwing net      |     2 |       |       |     1 ||     3
       Boomerang         |       |     7 |       |   125 ||   132
       Dart              |       |       |    12 |       ||    12
Invok: Heroism           |       |       |       |    10 ||    10
Evoke: Wand              |       |       |       |     3 ||     3
  Use: Scroll            |     2 |       |     6 |     7 ||    15
       Potion            |       |       |     2 |     1 ||     3
Armor: Leather armour    |    21 |    13 |       |       ||    34
       Chain mail        |       |    79 |   306 |   407 ||   792
       Skin              |       |       |    15 |    14 ||    29
Dodge: Dodged            |    49 |    77 |   153 |   349 ||   628

Table legend: (Time is in decaauts)
 A = Elapsed time spent in this place.
 B = Non-inter-level travel time spent in this place.
 C = Inter-level travel time spent in this place.
 D = Time resting spent in this place.
 E = Time spent auto-exploring this place.
 F = Levels seen in this place.
 G = Mean time per level.
                   A        B        C        D        E       F      G
               +--------+--------+--------+--------+--------+-----+--------+
         Total |  18651 |  17999 |    652 |    478 |  14243 |  12 | 1554.2 |
       Dungeon |  18559 |  17922 |    637 |    478 |  14175 |  11 | 1687.2 |
        Temple |     91 |     77 |     14 |      0 |     68 |   1 |   91.0 |
               +--------+--------+--------+--------+--------+-----+--------+

Top non-repeatable levels by time:
     D:4: 3289 daAuts
     D:7: 2316 daAuts
     D:6: 1881 daAuts
     D:8: 1869 daAuts
     D:3: 1629 daAuts
     D:5: 1558 daAuts
     D:9: 1441 daAuts
     D:2: 1286 daAuts
    D:10: 1277 daAuts
    D:11: 1242 daAuts
     D:1: 766 daAuts
  Temple: 91 daAuts
